 Dungeon Crawl Stone Soup version 0.17-a0-1479-g4041c36 (webtiles) character file.

11043 Parakulo the Whirler (level 12, -11/88 HPs)
             Began as a Formicid Fighter on July 3, 2015.
             Was the Champion of Makhleb.
             Mangled by an orc warlord
             ... wielding a +4 vampiric bardiche
              (19 damage)
             ... on level 3 of the Orcish Mines.
             The game lasted 01:09:35 (13356 turns).

Parakulo the Whirler (Formicid Fighter)            Turns: 13356, Time: 01:09:36

Health: -11/88     AC: 19    Str: 28 (29) XL:     12   Next: 2%
Magic:  15/15      EV: 10    Int:  8 (10) God:    Makhleb [******]
Gold:   1413       SH: 10    Dex: 13      Spells: 1 memorised, 15 levels left

rFire  . . .     SeeInvis +     q - +7 hunting sling of Fortitude {venom, MR+}
rCold  . . .     Clarity  .     b - +0 scale mail
rNeg   . . .     SustAt   .     c - +0 shield
rPois  .         Gourm    .     (helmet unavailable)
rElec  .         Spirit   .     E - +0 cloak
rCorr  .         Warding  .     W - +2 pair of gloves
rMut   .         Stasis   +     (no boots)
MR     +++..                    (no amulet)
Stlth  ..........               D - +4 ring of protection
                                p - +3 ring of protection

@: mighty, studying Stealth, extremely resistant to hostile enchantments,
extremely unstealthy
A: permanent stasis, dig shafts and tunnels, four strong arms, antennae 3,
repulsion field 1, rough black scales 1, clever 1, deformed body, deterioration
2, low mp 1, magic resistance 1, strong 1
a: Dig, Shaft Self, Minor Destruction, Lesser Servant of Makhleb, Major
Destruction, Greater Servant of Makhleb, Renounce Religion


You were on level 3 of the Orcish Mines.
You worshipped Makhleb.
Makhleb was exalted by your worship.
You were not hungry.

You visited 3 branches of the dungeon, and saw 16 of its levels.
You also visited: Ossuary.

You collected 1582 gold pieces.
You spent 169 gold pieces at shops.

Inventory:

Hand weapons
 a - a +0 spear of venom
 q - the +7 hunting sling of Fortitude (weapon) {venom, MR+}
   (You bought it in a shop on level 5 of the Dungeon)

   It poisons the ammo it fires.
   It affects your resistance to hostile enchantments.
 J - a +0 hunting sling of velocity
 N - a +2 spear of chaos
 Z - the +8 quarterstaff "Xoot" {venom, Str+4}
   (You found it on level 10 of the Dungeon)

   It poisons the flesh of those it strikes.
   It affects your strength (+4).
Missiles
 h - 268 stones (quivered)
Armour
 b - a +0 scale mail (worn)
 c - a +0 shield (worn)
 r - a +0 leather armour of poison resistance
 E - a +0 cloak (worn)
 O - a storm dragon hide
 U - a troll hide
 V - a steam dragon hide
 W - a +2 pair of gloves (worn)
Magical staves
 X - an uncursed staff of poison
Jewellery
 m - the ring of the Cricket {*Confuse rN+ SInv Stlth+}
   (You found it on level 10 of the Dungeon)

   [ring of see invisible]

   It protects you from negative energy.
   It lets you see invisible.
   It may confuse you when you take damage.
   It makes you more stealthy.
 p - a +3 ring of protection (left hand)
 u - a +5 ring of intelligence
 A - an uncursed amulet of warding
 D - a +4 ring of protection (right hand)
 P - an uncursed ring of sustain attributes
Magical devices
 i - a wand of confusion (33)
 k - a wand of polymorph (10)
 v - a wand of random effects (6)
 H - a wand of cold (8)
 I - a wand of fireball (7)
 L - a wand of lightning (5)
Scrolls
 n - 2 scrolls of remove curse
 s - 6 scrolls of identify
 T - a scroll of amnesia
 Y - a scroll of fog {unknown}
Potions
 d - a potion of might
 j - a potion of magic
 o - 3 potions of brilliance
 w - 3 potions of curing
 z - 2 potions of flight
 F - a potion of agility
Books
 g - a manual of Stealth
Miscellaneous
 l - a lantern of shadows
 Q - a phial of floods (inert)
Comestibles
 e - 8 bread rations
 f - 8 beef jerkies
 t - 8 chunks of flesh
 B - 8 meat rations
 M - 9 fruits
 R - 9 slices of pizza


   Skills:
 + Level 6.0 Fighting
 + Level 5.7 Polearms
 + Level 0.4(3.5) Staves
 + Level 15.6 Slings
 - Level 3.2 Armour
 - Level 3.6 Shields
 - Level 2.6 Spellcasting
 - Level 1.5 Summonings
 * Level 7.0 Invocations


You had 15 spell levels left.
You knew the following spells:

 Your Spells              Type           Power        Failure   Level  Hunger
a - Summon Butterflies    Summ           #.......     95%         1    ##.....


Dungeon Overview and Level Annotations

Branches:
Dungeon (11/15)            Temple (1/1) D:4            Lair (0/8) D:10
    Orc (4/4) D:10
    Elf: Orc:3-4

Altars:
Ashenzari
Cheibriados
Dithmenos
Elyvilon
Fedhas
Gozag
Kikubaaqudgha
Makhleb
Nemelex Xobeh
Okawaru
Qazlal
Ru
Sif Muna
Trog
Vehumet
Xom
Yredelemnul
Zin
The Shining One

Shops:
D:5 (   Orc:2 !

Annotations:
D:4 1 exclusion


Innate Abilities, Weirdness & Mutations

You are under a permanent stasis effect.
You can dig through walls and to a lower floor.
Your four strong arms can wield two-handed weapons with a shield.
You have a pair of large antennae on your head (SInv).
You are surrounded by a mild repulsion field (EV +2).
You are partially covered in rough black scales (AC +4, Dex -1).
Your mind is acute. (Int +2)
Armour fits poorly on your strangely shaped body.
Your body often deteriorates upon taking damage.
Your magical capacity is low (-10% MP).
You are resistant to hostile enchantments.
Your muscles are strong. (Str +2)


Message History

The orc warlord is almost dead.
Firing (i - inventory):
h - 271 stones (quivered)
Press: ? - help, Shift-Dir - straight line, f/p - orc warlord
Aim: an orc warlord, wielding a vampiric bardiche and wearing a plate armour (almost dead, poisoned)
You shoot a stone.
The stone barely misses the orc warlord.
Firing (i - inventory):
h - 270 stones (quivered)
Press: ? - help, Shift-Dir - straight line, f/p - orc warlord
Aim: an orc warlord, wielding a vampiric bardiche and wearing a plate armour (almost dead, poisoned)
You shoot a stone.
The stone hits the orc warlord but does no damage.
The orc warlord looks even sicker.
The orc warlord is almost dead.
Firing (i - inventory):
h - 269 stones (quivered)
Press: ? - help, Shift-Dir - straight line, f/p - orc warlord
Aim: an orc warlord, wielding a vampiric bardiche and wearing a plate armour (almost dead, poisoned)
You shoot a stone. The stone hits the orc warlord.
The orc warlord is almost dead.
The orc warlord hits you from afar with a vampiric bardiche!!
You die...

##.................#
#...........#[...#.
##<)((...((........
##....[.............
#...(.....>...(..Z..
##...........)......
##[o#...............
#......#.....#).#...
##.@.........)..####
#.........#..)...#
#.........#..#...#
##...#........#...#
####........###.##
##........# ##
##.#.......#
#..........#
##.#...#..##


You could see an orc warlord.

Vanquished Creatures
  An orc high priest (Orc:3)
  An unseen horror (D:10)
  Pikel (D:5)
  A kobold demonologist (D:10)
  A deep elf priest (Orc:3)
  A two-headed ogre (D:9)
  2 trolls
  A small abomination (Orc:3)
  A yak (D:8)
  2 deep elf fighters (Orc:3)
  A wraith (D:10)
  3 deep elf magi
  A human (D:8)
  2 hippogriffs (D:10)
  A steam dragon (D:10)
  5 wargs
  Duvessa (D:7)
  A swamp drake (D:10)
  An ice beast (D:9)
  2 sky beasts
  3 black bears
  A phantom (D:7)
  6 orc warriors
  4 slaves (D:5)
  9 ogres
  3 centaurs
  A gnoll sergeant (D:7)
  3 big kobolds
  A water moccasin zombie (D:10)
  4 giant frogs
  A water moccasin skeleton (D:6)
  Dowan (D:7)
  9 wights
  6 crimson imps
  3 centaur zombies (Ossuary)
  2 electric eels (D:8)
  3 jellies
  2 giant frog zombies
  A human zombie (Ossuary)
  11 orc priests
  A quasit (D:7)
  2 giant frog skeletons
  18 orc wizards
  4 worker ants
  2 centaur skeletons
  5 hounds
  A killer bee zombie (D:10)
  An iguana (D:7)
  3 sheep (D:8)
  5 hound zombies
  3 mummies (Ossuary)
  A worker ant zombie (D:5)
  11 gnolls
  A shadow imp (D:10)
  9 adders
  An adder skeleton (D:4)
  3 adder zombies (Ossuary)
  6 worms
  5 giant geckos
  110 orcs
  A bat skeleton (D:7)
  5 gnoll zombies
  13 hobgoblins
  8 jackals (D:7)
  18 kobolds
  3 quokkas
  A ball python (D:6)
  14 bats
  13 giant cockroaches
  4 giant newts
  28 goblins
  A goblin zombie (Ossuary)
  A hobgoblin zombie (Ossuary)
  2 jackal skeletons (D:4)
  4 jackal zombies (Ossuary)
  4 kobold zombies (Ossuary)
  6 quokka zombies (Ossuary)
  7 rats
  4 rat zombies (Ossuary)
433 creatures vanquished.

Vanquished Creatures (collateral kills)
  An orc wizard (Orc:3)
1 creature vanquished.

Vanquished Creatures (others)
  A deep elf mage (Orc:3)
  A sky beast (D:6)
  A wasp zombie (D:6)
  A shadow imp (D:8)
  An orc (Orc:1)
  An orc zombie (D:8)
6 creatures vanquished.

Grand Total: 440 creatures vanquished

Notes
Turn   | Place    | Note
--------------------------------------------------------------
     0 | D:1      | Parakulo the Formicid Fighter began the quest for the Orb.
     0 | D:1      | Reached XP level 1. HP: 18/18 MP: 1/1
   125 | D:1      | Reached XP level 2. HP: 23/25 MP: 2/2
   782 | D:2      | Reached skill level 4 in Fighting
   782 | D:2      | Reached XP level 3. HP: 30/30 MP: 3/3
   891 | D:2      | Reached skill level 1 in Slings
  1249 | D:2      | Reached XP level 4. HP: 24/37 MP: 4/4
  2123 | D:3      | Reached XP level 5. HP: 43/43 MP: 5/5
  2742 | D:4      | Found a staircase to the Ecumenical Temple.
  2778 | Temple   | Entered the Ecumenical Temple
  2875 | Temple   | Became a worshipper of Makhleb the Destroyer
  3019 | D:4      | Reached XP level 6. HP: 49/49 MP: 6/6
  3285 | D:4      | Found a basalt altar of Yredelemnul.
  3312 | D:4      | Noticed an ogre
  3320 | D:4      | HP: 2/49 [ogre/giant spiked club (22)]
  3321 | D:4      | Killed an ogre
  3321 | D:4      | Reached skill level 1 in Spellcasting
  3832 | D:5      | Entered Level 5 of the Dungeon
  3859 | D:4      | Acquired Makhleb's first power
  4410 | D:5      | Found Zekhiq's Antique Weapon Emporium.
  4438 | D:5      | Bought a pitted hunting sling for 169 gold pieces
  4438 | D:5      | Identified the +7 hunting sling of Fortitude {venom, MR+} (You bought it in a shop on level 5 of the Dungeon)
  4465 | D:5      | Reached XP level 7. HP: 53/55 MP: 8/8
  4533 | D:5      | Reached skill level 5 in Slings
  4546 | D:5      | Noticed a slave
  4546 | D:5      | Noticed a slave
  4570 | D:5      | Killed a slave
  4573 | D:5      | Killed a slave
  4583 | D:5      | Noticed a slave
  4585 | D:5      | Noticed a slave
  4586 | D:5      | Killed a slave
  4587 | D:5      | Noticed Pikel
  4589 | D:5      | Killed a slave
  4603 | D:5      | Killed Pikel
  4603 | D:5      | Reached skill level 5 in Fighting
  4603 | D:5      | Reached skill level 7 in Slings
  4603 | D:5      | Reached XP level 8. HP: 47/63 MP: 9/9
  4774 | D:5      | Noticed a sky beast
  4783 | D:5      | Killed a sky beast
  4787 | D:5      | Gained mutation: Your body sometimes deteriorates upon taking damage. [mutagenic meat]
  4788 | D:5      | Gained mutation: You are resistant to hostile enchantments. [mutagenic meat]
  4789 | D:5      | Gained mutation: Your mind is acute. (Int +2) [mutagenic meat]
  5272 | D:6      | Reached skill level 8 in Slings
  5279 | D:6      | Gained mutation: You are surrounded by a mild repulsion field (EV +2). [potion of beneficial mutation]
  5288 | D:6      | Gained mutation: You are somewhat resistant to further mutation. [potion of mutation]
  5364 | D:6      | Reached skill level 5 in Polearms
  5445 | D:6      | Reached XP level 9. HP: 66/68 MP: 10/10
  5505 | D:6      | Acquired Makhleb's second power
  5510 | D:6      | Reached skill level 9 in Slings
  6271 | D:7      | Learned a level 1 spell: Summon Butterflies
  6547 | D:7      | Reached skill level 10 in Slings
  6552 | D:7      | Noticed Dowan
  6557 | D:7      | Noticed Duvessa
  6557 | D:7      | Killed Dowan
  6557 | D:7      | Reached skill level 1 in Summonings
  6572 | D:7      | Killed Duvessa
  6572 | D:7      | Acquired Makhleb's third power
  7401 | D:8      | Reached skill level 11 in Slings
  7466 | D:8      | Reached XP level 10. HP: 76/76 MP: 13/13
  7743 | D:8      | Found a sand-covered staircase.
  7758 | Ossuary  | Entered an ossuary
  7834 | Ossuary  | Acquired Makhleb's fourth power
  8337 | D:8      | Found a shimmering altar of Xom.
  8622 | D:8      | Reached skill level 12 in Slings
  8622 | D:8      | Reached skill level 1 in Invocations
  9420 | D:9      | Reached skill level 13 in Slings
  9749 | D:10     | Entered Level 10 of the Dungeon
  9835 | D:10     | Found a large runed door.
  9835 | D:10     | Found a large runed door.
  9864 | D:10     | Acquired Makhleb's fifth power
  9865 | D:10     | Found a large runed door.
  9865 | D:10     | Found a large runed door.
 10041 | D:10     | Reached XP level 11. HP: 57/81 MP: 14/14
 10057 | D:10     | Noticed a sun demon
 10152 | D:10     | Noticed an unseen horror
 10162 | D:10     | Killed an unseen horror
 10162 | D:10     | Reached skill level 14 in Slings
 10224 | D:10     | Got a scorched quarterstaff
 10225 | D:10     | Identified the +8 quarterstaff "Xoot" {venom, Str+4} (You found it on level 10 of the Dungeon)
 10261 | D:10     | Got a scintillating pewter ring
 10263 | D:10     | Identified the ring of the Cricket {*Confuse rN+ SInv Stlth+} (You found it on level 10 of the Dungeon)
 10333 | D:10     | Found a shimmering altar of Xom.
 10345 | D:10     | Gained mutation: Your body often deteriorates upon taking damage. [potion of mutation]
 10346 | D:10     | Lost mutation: You are somewhat resistant to further mutation. [potion of mutation]
 10397 | D:10     | Reached skill level 5 in Invocations
 10453 | D:10     | Found a staircase to the Orcish Mines.
 10665 | D:10     | Gained mutation: Your muscles are strong. (Str +2) [mutagenic meat]
 10666 | D:10     | Gained mutation: Your magical capacity is low (-10% MP). [mutagenic meat]
 10667 | D:10     | Gained mutation: Armour fits poorly on your strangely shaped body. [mutagenic meat]
 10669 | D:10     | Gained mutation: You are partially covered in rough black scales (AC +4, Dex -1). [mutagenic meat]
 10808 | D:10     | Found a staircase to the Lair.
 11160 | Orc:1    | Entered Level 1 of the Orcish Mines
 11703 | Orc:1    | You fall through a shaft!
 11788 | Orc:2    | Found a shimmering altar of Xom.
 12242 | Orc:3    | Reached skill level 15 in Slings
 12447 | Orc:2    | Found Gafoogg's Distillery.
 12757 | Orc:3    | You fall through a shaft!
 12757 | Orc:4    | Entered Level 4 of the Orcish Mines
 13267 | Orc:3    | Noticed an orc high priest
 13271 | Orc:3    | Noticed an orc sorcerer
 13276 | Orc:3    | Noticed an orc warlord
 13280 | Orc:3    | Killed an orc high priest
 13280 | Orc:3    | Reached XP level 12. HP: 88/88 MP: 15/15
 13356 | Orc:3    | Mangled by an orc warlord

Vault maps used:
D:1:      dpeg_arrival_round_c, minmay_door_square
D:2:      minmay_misc_feat_tower
D:3:      first_bread, minmay_surrounded
D:4:      lemuel_zombie_altar_yredelemnul
D:5:      serial_shops, shop_fountains, minivault_5, uniq_pikel
D:6:      minmay_misc_feat_five, lemuel_flamethrower_2
D:7:      uniq_duvessa
D:8:      enter_ossuary_3, grunt_livestock, minmay_tree_intersection,
          minivault_4, st_stairs_10, tgw_xom
D:10:     lair_0_dummy, erik_orc_1, basic_altar, minmay_hollow_rounded_squares
Temple:   kilobyte_greek_temple_18
Orc:2:    serial_shops, shop, basic_altar, uniq_rupert
Orc:3:    nicolae_orc_pool_cavern, elf_legates
Orc:4:    st_orc_elflike
Ossuary:  minmay_ossuary_two_tombs

Action                   |  1- 3 |  4- 6 |  7- 9 | 10-12 || total
-------------------------+-------+-------+-------+-------++-------
Melee: Trident           |    89 |   197 |    66 |       ||   352
       Spear             |       |       |    77 |    55 ||   132
       Quarterstaff      |       |       |       |    41 ||    41
 Fire: Hunting sling     |    36 |    80 |   208 |   720 ||  1044
Throw: Throwing net      |       |       |       |     3 ||     3
 Cast: Summon Butterflie |       |       |     1 |       ||     1
Invok: Lesser Servant of |       |       |       |     3 ||     3
 Abil: Dig               |       |       |       |     1 ||     1
       Shaft Self        |       |       |       |     1 ||     1
Evoke: Wand              |       |     1 |       |     7 ||     8
       Phial of floods   |       |       |       |     1 ||     1
  Use: Scroll            |     5 |     3 |     6 |     4 ||    18
       Potion            |       |     1 |    11 |     9 ||    21
  Eat: Chunk             |     1 |    10 |    12 |    24 ||    47
       Royal jelly       |       |       |     1 |       ||     1
